 Dungeon Crawl Stone Soup version 0.16.0-8-gd9ae3a8 (webtiles) character file.

10602 esc the Thrower (level 11, -1/97 HPs)
             Began as a Centaur Berserker on Mar 16, 2015.
             Was the Champion of Trog.
             Slain by a blink frog (14 damage)
             ... on level 1 of the Lair of Beasts.
             The game lasted 00:34:44 (10475 turns).

esc the Thrower (Centaur Berserker)                Turns: 10475, Time: 00:34:44

Health: -1/97      AC: 10    Str: 23    XL:     11   Next: 38%
Magic:  8/8        EV: 12    Int:  6    God:    Trog [******]
Gold:   800        SH:  0    Dex: 11    Spells: 0 memorised, 10 levels left

rFire  . . .     SeeInvis .       - Unarmed
rCold  + . .     Clarity  .     F - +0 troll leather armour {Purgy}
rNeg   . . .     SustAb   .     (no shield)
rPois  .         Gourm    .     n - +1 helmet
rElec  .         Spirit   .     q - +0 cloak
rCorr  .         Warding  .     c - +0 pair of gloves
rMut   .         Stasis   .     (no barding)
MR     +....                    (no amulet)
Stlth  +.........               N - ring of protection from magic
                                H - ring "Ylofen" {rC+ Str+2}

@: very quick, somewhat resistant to hostile enchantments, very unstealthy
A: hooves 3, deformed body, speed 2, tough skin 3
a: Burn Spellbooks, Berserk, Trog's Hand, Brothers in Arms, Renounce Religion


You were on level 1 of the Lair of Beasts.
You worshipped Trog.
Trog was exalted by your worship.
You were not hungry.

You visited 2 branches of the dungeon, and saw 10 of its levels.
You also visited: Sewer.

You collected 800 gold pieces.

Inventory:

Hand weapons
 z - a +1 blowgun
Missiles
 b - 8 needles of paralysis
 m - 24 tomahawks
 u - 4 poisoned javelins (quivered)
 A - 65 poisoned needles
 E - 5 poisoned tomahawks
 J - 8 javelins
 O - 2 throwing nets
 T - 8 curare-tipped needles
Armour
 c - a +0 pair of gloves (worn)
 n - a +1 helmet (worn)
 q - a +0 cloak (worn)
 r - a +0 buckler
 F - a +0 troll leather armour (worn) {Purgy}
Jewellery
 g - a +4 ring of intelligence
 h - a +3 ring of strength
 H - the ring "Ylofen" (left hand) {rC+ Str+2}
   (You found it on level 8 of the Dungeon)

   [ring of protection from cold]

   It affects your strength (+2).
   It protects you from cold.
 N - a ring of protection from magic (right hand)
Magical devices
 l - a wand of random effects (48)
 t - a wand of flame (26)
 y - a wand of digging (12)
 I - a wand of disintegration (9)
 P - a wand of polymorph (10)
Scrolls
 d - 8 scrolls of enchant armour
 f - a scroll of teleportation
 i - 2 scrolls of identify
 j - 4 scrolls of recharging
 w - 5 scrolls of remove curse
 C - a scroll of fog
 D - a scroll of magic mapping
 L - 3 scrolls of fear
 Q - a scroll of blinking
 R - a scroll of enchant weapon
Potions
 e - 2 potions of cure mutation
 k - 7 potions of curing
 o - a potion of invisibility
 p - 5 potions of brilliance
 s - 2 potions of flight
 B - a potion of might
 G - a potion of heal wounds
 K - 2 potions of magic
 M - a potion of agility
 S - a potion of mutation
Comestibles
 a - 11 bread rations
 v - 4 meat rations
 x - 4 beef jerkies


   Skills:
 + Level 9.6 Fighting
 + Level 10.1 Throwing
 - Level 4.3 Armour
 + Level 7.0 Dodging
 + Level 9.3 Unarmed Combat


You had 10 spell levels left.
You didn't know any spells.

Dungeon Overview and Level Annotations

Branches:
Dungeon (9/15)             Temple (0/1) D:7            Lair (1/8) D:9
    Orc (0/4) D:9

Altars:
Cheibriados
Dithmenos
Gozag
Okawaru
Trog
Xom
Zin
The Shining One

Shops:
D:8 (


Innate Abilities, Weirdness & Mutations

You have hooves in place of feet.
Armour fits poorly on your strangely shaped body.
You cover ground very quickly.
You have extremely tough skin (AC +3).


Message History

You kick the blink frog.
The blink frog is severely wounded.
The blink frog hits you!
* * * LOW HITPOINT WARNING * * *
You completely miss the blink frog.
The blink frog is severely wounded.
The blink frog closely misses you.
The blink frog hits you but does no damage.
Drink which item? (? for menu, Esc to quit)
You feel much better. The blink frog hits you!
* * * LOW HITPOINT WARNING * * *
You miss the blink frog.
Your kick passes through the blink frog as it momentarily phases out.
The blink frog is severely wounded.
The blink frog hits you.
* * * LOW HITPOINT WARNING * * *
You completely miss the blink frog. Your kick misses the blink frog.
The blink frog is severely wounded.
The blink frog hits you!
You die...

.....#.#...#.###..####..........#
#.#.........P.#..## #####...##..
#######...P≈≈.P.P# #######.
#...≈P≈.≈≈.## #. ## ###.≈≈≈≈P≈P#
#. .# ###..≈≈≈≈.P# ## ##
##...≈≈≈≈≈≈.# # ≈# #....≈≈≈≈≈≈F##
P####.....≈≈≈.≈P@# ###
≈P≈#.....≈≈≈≈≈≈..# ###.##
PP###....≈≈≈≈≈...####....# ≈P#
#.....≈≈≈....P##..♣♣.♣♣ P≈#
##....♣.♣.....#..♣♣≈≈P♣ .≈#
#...............♣♣P≈.♣ ≈##
#.......>......♣♣♣♣≈≈♣ ## ≈#
##...........♣♣♣♣♣♣≈P♣♣♣♣♣#. ##
#...........♣♣♣≈P≈≈≈♣PP♣P##


You could see a blink frog.

Vanquished Creatures
  Harold (Lair:1)
  2 spiny frogs (Lair:1)
  A troll (D:9)
  A two-headed ogre (D:6)
  Prince Ribbit (D:5)
  2 blink frogs (Lair:1)
  A spriggan (D:7)
  11 yaks
  A deep elf mage (D:7)
  2 hippogriffs (D:7)
  2 hungry ghosts (D:9)
  A deep elf fighter (D:9)
  6 water moccasins
  3 orc warriors
  Purgy (Sewer)
  3 sky beasts
  An eye of draining (D:9)
  2 black bears
  2 phantoms
  3 centaurs
  An ice beast (D:7)
  5 ogres
  Sigmund (D:2)
  2 crocodiles
  2 big kobolds
  7 giant frogs
  A scorpion (D:8)
  A wyvern skeleton (D:7)
  4 killer bees (D:9)
  3 troll zombies (D:9)
  8 wights
  An electric eel (Lair:1)
  2 goliath beetles (D:7)
  4 crimson imps
  A centaur zombie (D:5)
  A giant frog zombie (D:8)
  Crazy Yiuf (D:2)
  3 orc priests
  3 jellies
  4 iguanas
  A centaur skeleton (D:4)
  5 hounds
  7 orc wizards
  9 worker ants
  6 ogre zombies (D:9)
  12 adders
  18 river rats
  8 gnolls
  A giant mite (D:3)
  2 shadow imps
  3 worms
  An adder skeleton (D:6)
  An adder zombie (D:1)
  5 giant geckos
  3 oozes
  36 orcs
  3 bat skeletons
  7 giant cockroaches
  15 hobgoblins
  9 jackals
  24 kobolds
  6 quokkas
  3 ball pythons
  33 bats
  10 giant newts
  14 goblins
  2 goblin skeletons (D:9)
  2 goblin zombies (D:9)
  2 hobgoblin skeletons (D:9)
  3 hobgoblin zombies (D:9)
  A jackal zombie (D:1)
  2 orc skeletons (D:9)
  12 orc zombies (D:9)
  A quokka skeleton (D:5)
  17 rats
  A butterfly (D:4)
  A fungus (D:9)
  A plant (D:9)
389 creatures vanquished.

Notes
Turn   | Place    | Note
--------------------------------------------------------------
     0 | D:1      | esc, the Centaur Berserker, began the quest for the Orb.
     0 | D:1      | Reached XP level 1. HP: 19/19 MP: 1/1
   111 | D:1      | Reached XP level 2. HP: 24/26 MP: 2/2
   317 | D:1      | Found a glowing golden altar of the Shining One.
   354 | D:1      | Acquired Trog's second power
   527 | D:1      | Reached XP level 3. HP: 26/31 MP: 3/3
  1316 | D:2      | Reached XP level 4. HP: 34/38 MP: 3/3
  1368 | D:2      | Noticed Sigmund
  1387 | D:2      | Killed Sigmund
  1387 | D:2      | Reached XP level 5. HP: 27/46 MP: 4/4
  1804 | D:2      | Noticed Crazy Yiuf
  1813 | D:2      | Killed Crazy Yiuf
  1930 | D:3      | Reached skill level 4 in Fighting
  1989 | D:3      | Found a snail-covered altar of Cheibriados.
  2957 | D:4      | Acquired Trog's third power
  2957 | D:4      | Reached XP level 6. HP: 41/52 MP: 5/5
  3020 | D:4      | Found a shimmering altar of Xom.
  3066 | D:4      | Noticed an ogre
  3089 | D:4      | Killed an ogre
  3361 | D:4      | Got a transparent mace
  3362 | D:4      | Identified the +8 mace "Baezuoch" {drain, rPois Int+2} (You found it on level 4 of the Dungeon)
  3643 | D:5      | Entered Level 5 of the Dungeon
  3807 | D:5      | Reached XP level 7. HP: 21/60 MP: 5/5
  3989 | D:5      | Reached skill level 5 in Fighting
  4446 | D:5      | Noticed Prince Ribbit
  4466 | D:5      | Reached skill level 5 in Unarmed Combat
  4591 | D:5      | Received a gift from Trog
  4601 | D:5      | Found a shadowy altar of Dithmenos.
  4822 | D:5      | Reached skill level 1 in Throwing
  4975 | D:5      | Killed Prince Ribbit
  4975 | D:5      | Reached XP level 8. HP: 51/70 MP: 6/6
  5118 | D:6      | Found a snail-covered altar of Cheibriados.
  5133 | D:6      | Found a glowing silver altar of Zin.
  5169 | D:6      | Noticed a two-headed ogre
  5317 | D:6      | Got a smoking robe
  5328 | D:6      | Identified the +0 robe of the Bulwark {+Fly rC- Regen+ Int+3 Dex+4} (You found it on level 6 of the Dungeon)
  5385 | D:6      | Reached skill level 6 in Fighting
  5465 | D:6      | Found an opulent altar of Gozag.
  5522 | D:6      | Found a glowing drain.
  5540 | D:6      | Received a gift from Trog
  5559 | Sewer    | Entered a sewer
  5643 | Sewer    | Noticed Purgy
  5654 | Sewer    | Killed Purgy
  5926 | D:6      | Killed a two-headed ogre
  6004 | D:6      | Reached XP level 9. HP: 78/78 MP: 7/7
  6195 | D:7      | Found a staircase to the Ecumenical Temple.
  6264 | D:7      | Reached skill level 5 in Throwing
  6409 | D:7      | Reached skill level 7 in Fighting
  6409 | D:7      | Reached skill level 5 in Dodging
  6644 | D:7      | Found an iron altar of Okawaru.
  6823 | D:7      | Received a gift from Trog
  6824 | D:7      | Got a translucent hunting sling {god gift}
  6845 | D:7      | Identified the +9 hunting sling "Lyxkefor" {velocity, rElec Int-3 Dex+4 SInv} (Trog gifted it to you on level 7 of the Dungeon)
  7103 | D:8      | Found Kluj's Antique Weapon Emporium.
  7183 | D:8      | Reached XP level 10. HP: 88/88 MP: 7/7
  7639 | D:8      | Got a clouded bronze ring
  7641 | D:8      | Identified the ring "Ylofen" {rC+ Str+2} (You found it on level 8 of the Dungeon)
  7993 | D:8      | Reached skill level 8 in Fighting
  8387 | D:9      | Received a gift from Trog
  8559 | D:9      | Found a staircase to the Orcish Mines.
  8639 | D:9      | Reached skill level 9 in Throwing
  8892 | D:9      | Found a staircase to the Lair.
  8957 | D:9      | Found a bloodstained altar of Trog.
  8959 | D:9      | Found a shadowy altar of Dithmenos.
  8995 | D:9      | Found a glowing golden altar of the Shining One.
  8997 | D:9      | Found an opulent altar of Gozag.
  9030 | D:9      | Received a gift from Trog
  9052 | Lair:1   | Entered Level 1 of the Lair of Beasts
  9172 | Lair:1   | Reached XP level 11. HP: 94/97 MP: 8/8
  9393 | Lair:1   | Received a gift from Trog
  9473 | Lair:1   | Noticed Harold
  9486 | Lair:1   | Killed Harold
  9605 | Lair:1   | Reached skill level 10 in Throwing
 10471 | Lair:1   | HP: 4/97 [blink frog (8)]
 10475 | Lair:1   | Slain by a blink frog

Action                   |  1- 3 |  4- 6 |  7- 9 | 10-12 || total
-------------------------+-------+-------+-------+-------++-------
Melee: Unarmed           |   119 |   217 |   425 |   481 ||  1242
Throw: Tomahawk          |       |       |     7 |       ||     7
       Javelin           |       |       |     8 |    10 ||    18
Invok: Berserk           |       |       |     1 |     3 ||     4
       Burn Spellbooks   |       |       |       |     4 ||     4
       Trog's Hand       |       |       |       |     1 ||     1
Evoke: Wand              |       |     1 |       |       ||     1
  Use: Scroll            |       |    10 |     9 |    13 ||    32
       Potion            |       |       |       |     1 ||     1
  Eat: Chunk             |       |     6 |    10 |    11 ||    27
       Beef jerky        |       |     1 |       |     3 ||     4
       Royal jelly       |       |       |       |     1 ||     1
